AoeStats
← ska_18

Black Forest

508880275Analyzed
3v3 RM · 6d ago on Sep 24, 2026· 45m 40s· 6 players
Game mode
Random Map
Map size
Normal (6 player)
Population
200
Speed
Normal
Resources
Standard
Victory
Conquest
Starting age
Dark Age
Ending age
Imperial Age
RankedLock teamsTeams togetherTeam positionsShared explorationLock speedFull tech treeHidden civsTurbo modeCheats
Victory
Defeat
🇫🇷 Vietnamese · France
1023
+14
🇦🇹 Saracens · Austria
920
+18
🇮🇳 Varangians · India
901
+19
🇨🇳 Vietnamese · China
997
-18
🇨🇳 Malians · China
979
-17
🇨🇳 Persians · China
942
-16
Rowdy
0:27 Loom
12:32 Feudal Age
17:24 Castle Age
15:14 Double-Bit Axe
17:01 Forging
16:53 Scale Mail Armor
16:48 Stone Mining
16:39 Horse Collar
16:54 Gold Mining
18:15 Wheelbarrow
27:44 Bow Saw
27:35 Heavy Plow
32:26 Imperial Age
31:17 Hand Cart
31:48 Iron Casting
32:08 Scale Barding Armor
32:59 Stone Shaft Mining
34:36 Two-Man Saw
34:07 Crop Rotation
33:52 Elite Jarl
35:29 Conscription
36:11 Blast Furnace
36:13 Husbandry
36:25 Bloodlines
37:05 Chain Barding Armor
36:54 Light Cavalry
37:46 Hussar
39:51 Plate Barding Armor
42:38 Vendel Legacy
44:08 Ballistics
44:49 Chemistry
45:42 Chain Mail Armor
Beuhfa
1:25 Loom
12:02 Feudal Age
12:07 Feudal Age
15:25 Double-Bit Axe
18:00 Castle Age
16:19 Horse Collar
17:18 Fishing Lines
17:56 Double-Bit Axe
18:57 Gillnets
19:52 Bow Saw
19:43 Heavy Plow
24:16 Wheelbarrow
23:29 Town Watch
25:08 Hand Cart
25:37 Scale Barding Armor
25:33 Gold Mining
27:17 Chain Barding Armor
27:07 Forging
31:23 Imperial Age
29:40 Masonry
30:29 Iron Casting
30:07 Bloodlines
29:58 Husbandry
31:02 Fletching
31:26 Capped Ram
32:16 Caravan
32:19 Stone Mining
33:57 Two-Man Saw
32:46 Treadmill Crane
33:12 Siege Engineers
34:08 Chemistry
33:00 Elite Battle Elephant
34:28 Plate Barding Armor
34:01 Devotion
36:39 Paper Money
37:28 Light Cavalry
ska_18
1:08 Loom
13:07 Feudal Age
18:58 Castle Age
16:50 Fishing Lines
17:01 Double-Bit Axe
17:31 Horse Collar
17:32 Fishing Lines
22:15 Wheelbarrow
22:22 Bow Saw
23:38 Gillnets
24:58 Hand Cart
24:28 Town Watch
26:24 Heavy Plow
26:52 Gold Mining
26:53 Stone Mining
27:09 Fletching
27:21 Town Watch
28:14 Fervor
28:25 Sanctity
28:59 Forging
28:54 Scale Barding Armor
29:31 Caravan
30:38 Iron Casting
29:58 Bodkin Arrow
30:47 Chain Barding Armor
31:26 Gold Shaft Mining
34:49 Imperial Age
34:03 Bimaristan
34:36 Coinage
34:18 Murder Holes
34:34 Fortified Wall
34:55 Masonry
34:53 Town Patrol
36:57 Chemistry
36:21 Conscription
35:22 Elite Mameluke
36:37 Hoardings
36:39 Plate Barding Armor
36:48 Siege Engineers
36:56 Bloodlines
36:47 Husbandry
36:07 Light Cavalry
38:15 Blast Furnace
36:46 Light Cavalry
40:08 Two-Man Saw
40:06 Banking
40:38 Bracer
40:59 Ballistics
45:03 Hussar
45:54 Guard Tower
45:50 Arrowslits
zenghui
0:54 Loom
16:09 Feudal Age
17:45 Wheelbarrow
16:57 Double-Bit Axe
16:54 Horse Collar
22:03 Castle Age
21:35 Stone Mining
21:36 Gold Mining
22:52 Hand Cart
22:49 Bow Saw
23:09 Heavy Plow
32:30 Stone Shaft Mining
32:32 Gold Shaft Mining
36:15 Imperial Age
33:55 Scale Barding Armor
34:02 Forging
34:21 Fletching
35:34 Chain Barding Armor
35:58 Coinage
35:30 Caravan
36:25 Iron Casting
35:58 Elite War Elephant
36:59 Conscription
37:44 Two-Man Saw
37:16 Crop Rotation
37:32 Banking
37:15 Guilds
38:11 Plate Barding Armor
38:41 Chemistry
37:38 Murder Holes
39:26 Blast Furnace
拾分
0:27 Loom
11:58 Feudal Age
13:01 Double-Bit Axe
13:31 Horse Collar
13:53 Fishing Lines
20:42 Castle Age
19:01 Stone Mining
19:47 Fletching
19:58 Padded Archer Armor
20:40 Gold Mining
21:58 Bow Saw
21:53 Heavy Plow
22:41 Gillnets
24:49 Stone Shaft Mining
30:55 Imperial Age
29:45 Bodkin Arrow
30:05 Leather Archer Armor
29:48 Murder Holes
30:24 Caravan
31:11 Ballistics
30:33 Treadmill Crane
31:33 Wheelbarrow
30:44 Town Watch
32:13 Paper Money
31:15 Elite Rattan Archer
31:57 Bracer
32:32 Crop Rotation
33:05 Two-Man Saw
33:19 Ring Archer Armor
33:39 Hoardings
33:40 Forging
34:37 Chemistry
34:27 Arrowslits
35:10 Hand Cart
35:03 Thumb Ring
35:25 Masonry
35:38 Bloodlines
36:16 Husbandry
38:05 Elite Battle Elephant
39:55 Chatras
41:10 Iron Casting
40:40 Scale Barding Armor
Bbing
0:26 Loom
10:40 Feudal Age
14:52 Castle Age
13:55 Double-Bit Axe
19:58 Bow Saw
20:46 Horse Collar
21:55 Town Watch
26:12 Heavy Plow
27:20 Wheelbarrow
31:04 Imperial Age
29:16 Forging
29:11 Scale Barding Armor
29:23 Bloodlines
29:13 Husbandry
29:06 Fishing Lines
31:36 Iron Casting
31:21 Chain Barding Armor
31:36 Iron Casting
31:06 Husbandry
32:13 Conscription
31:56 Farimba
32:26 Hand Cart
32:11 Town Patrol
33:14 Crop Rotation
32:38 Fletching
32:14 Heavy Camel Rider
39:31 Gold Mining
41:55 Gold Shaft Mining
Connection lost

Rejoining the realm…

Still unreachable

The connection could not be restored.

Session expired

The server has moved on; the page needs a fresh start.